 Dungeon Crawl Stone Soup version 0.29-a0-284-gf9362112df (webtiles) character file.

Game seed: 8596214535159774719

35 spaghetti the Ducker (level 3, 29/29 HPs)
             Began as a Demonspawn Berserker on Mar 30, 2022.
             Was a Follower of Trog.
             Quit the game on level 2 of the Dungeon.
             The game lasted 00:01:44 (1801 turns).

spaghetti the Ducker (Demonspawn Berserker)         Turns: 1801, Time: 00:01:44

Health: 29/29      AC:  3    Str: 17    XL:     3   Next: 16%
Magic:  3/3        EV: 12    Int: 10    God:    Trog [*.....]
Gold:   9          SH:  0    Dex: 12    Spells: 2/2 levels left

rFire   . . .      SeeInvis .   a - +0 falchion {long}
rCold   . . .      Faith    .   (no shield)
rNeg    . . .      Spirit   .   b - +0 animal skin
rPois   .          Reflect  .   (no helmet)
rElec   .          Harm     .   h - +0 cloak
rCorr   .          Rampage  .   (no gloves)
Will    .....                   (no boots)
Stlth   +.........              (no amulet)
HPRegen 0.09/turn               (no ring)
MPRegen 0.16/turn               (no ring)

@: no status effects
A: magic regeneration
a: Renounce Religion, Berserk


You were on level 2 of the Dungeon.
You worshipped Trog.
Trog was aware of your devotion.
You visited 1 branch of the dungeon, and saw 2 of its levels.

You collected 9 gold pieces.


Innate Abilities, Weirdness & Mutations

You regenerate magic rapidly.


   Skills:
 - Level 3.0 Fighting
 - Level 2.6 Long Blades
 - Level 1.7 Armour
 + Level 3.3 Dodging


You had 2 spell levels left.
You didn't know any spells.
Your spell library contained the following spells:

 Spells                   Type           Power      Damage    Failure   Level
 Gell's Gravitas          Tloc           0%         N/A       75%         3
 Lesser Beckoning         Tloc           0%         N/A       75%         3
 Teleport Other           Tloc           0%         N/A       75%         3

Inventory:

Hand Weapons
 a - a +0 falchion (weapon) {long}
Missiles
 c - 63 stones (quivered) {throwing}
Armour
 b - a +0 animal skin (worn)
 h - a +0 cloak (worn)
   (You found it on level 2 of the Dungeon)
Scrolls
 e - 2 scrolls of identify {unknown}
 f - 2 scrolls of fog {unknown}
 g - a scroll of magic mapping {unknown}
Potions
 d - a potion of magic {unknown}
 i - a potion of degeneration {unknown}

Dungeon Overview and Level Annotations

Branches:
Dungeon (2/15)

Altars:

##....##..#
#......#..# #...#
#......#..# #..K#
#.........###...####
##..................
.).................
###.##.##.........
#.#).##.####...#
#.#.###.# #..@#
#.#.###.# #...#
#.......####...##
###.######......#
#.######.##.#.#
#####.##..........#
......##.###.#.##.#
####.......#.#.##.#
#.##...........#


You could see a kobold.


Message History

No target in view!
No target in view!
No target in view!
No target in view!
No target in view!
No target in view!
No target in view!
You see here a +0 short sword {short}.
c - 59 stones {throwing} (gained 1)
c - 60 stones {throwing} (gained 1)
c - 61 stones {throwing} (gained 1)
c - 62 stones {throwing} (gained 1)
c - 63 stones {throwing} (gained 1)
There is an escape hatch in the ceiling here.
There is an escape hatch in the ceiling here.
Key pressed, stopping explore.
A rat comes into view.
A rat is nearby!
A rat is nearby!
You throw a stone {throwing}.
The stone {throwing} hits the rat but does no damage.
You throw a stone {throwing}.
The stone {throwing} closely misses the rat.
You throw a stone {throwing}.
The stone {throwing} hits the rat but does no damage.
You throw a stone {throwing}. The stone {throwing} hits the rat.
You throw a stone {throwing}.
The stone {throwing} barely misses the rat.
You hit the rat.
You kill the rat!
Trog accepts your kill.
No target in view!
No target in view!
No target in view!
No target in view!
No target in view!
No target in view!
No target in view!
No target in view!
No target in view!
No target in view!
No target in view!
No target in view!
No target in view!
No target in view!
No target in view!
No target in view!
No target in view!
No target in view!
No target in view!
No target in view!
c - 59 stones {throwing} (gained 1)
c - 60 stones {throwing} (gained 1)
c - 63 stones {throwing} (gained 3)
Found a stone staircase leading down.
An endoplasm comes into view.
The endoplasm quivers.
An endoplasm is nearby!
An endoplasm is nearby!
You throw a stone {throwing}.
The stone {throwing} hits the endoplasm.
You hit the endoplasm but do no damage. The endoplasm freezes you.
You are frozen. 😕 HP[-5]
You take 5 damage, and now have 24/29 hp.
You are too injured to fight recklessly!
You are too injured to fight recklessly!
You are too injured to fight recklessly!
You are too injured to fight recklessly!
You are too injured to fight recklessly!
You are too injured to fight recklessly!
You are too injured to fight recklessly!
You are too injured to fight recklessly!
You are too injured to fight recklessly!
You are too injured to fight recklessly!
You are too injured to fight recklessly!
You are too injured to fight recklessly!
You are too injured to fight recklessly!
You are too injured to fight recklessly!
You are too injured to fight recklessly!
You are too injured to fight recklessly!
You are too injured to fight recklessly!
You are too injured to fight recklessly!
You are too injured to fight recklessly!
You hit the endoplasm. Your punch misses the endoplasm.
The endoplasm hits you. 😕 HP[-1]
You take 1 damage, and now have 23/29 hp.
You hit the endoplasm.
You kill the endoplasm!
Trog accepts your kill. 😕 HP[+1]
c - 63 stones {throwing} (gained 1) Key pressed, stopping explore.
Key pressed, stopping explore.
A kobold comes into view. It is wielding a +0 short sword.
The kobold shouts! 😎 HP[+5]
Your hp is fully restored (29).
Are you sure you want to abandon this character and quit the game? (Confirm with "yes".)

Skill      XL: |  1  2 |
---------------+-------+-----
Dodging        | 2 3 |  3.3
Fighting       | |  3.0
Long Blades    | |  2.6
Armour         | |  1.7

Action                   || total
-------------------------++-------
Melee: Falchion          ||    51
       Punch             ||     1
Throw: Stone             ||    78
Invok: Berserk           ||     2
Armor: Animal skin       ||     7
Dodge: Dodged            ||    40

Levels and vault maps discovered:
D:1:      psy_arrival_wood_between_worlds, layout_basic
D:2:      minmay_roachtagon, layout_loops_cross

Notes
Turn   | Place    | Note
-------+----------+-------------------------------------------
     0 | D:1      | spaghetti the Demonspawn Berserker began the quest for the
                  | Orb.
     0 | D:1      | Reached XP level 1. HP: 18/18 MP: 1/1
     0 | D:1      | magus.rc [v1.9.6]
     2 | D:1      | You pick up a book of Displacement {forbidden} and begin
                  | reading...
     2 | D:1      | You add the spells Lesser Beckoning, Gell's Gravitas and
                  | Teleport Other to your library.
   136 | D:1      | Reached skill level 2 in Dodging
   505 | D:1      | Gained mutation: You regenerate magic rapidly. [demonic
                  | ancestry]
   505 | D:1      | Reached XP level 2. HP: 24/24 MP: 2/2
  1010 | D:2      | Reached skill level 3 in Dodging
  1013 | D:2      | HP: 6/24 [poisoned by an adder]
  1419 | D:2      | Reached XP level 3. HP: 24/29 MP: 3/3
  1801 | D:2      | Quit the game

Vanquished Creatures
  An adder (D:2)
  A worm (D:2)
  3 endoplasms
  A goblin (D:2)
  A hobgoblin (D:1)
  4 kobolds
  2 quokkas
  4 ball pythons
  A frilled lizard (D:1)
  2 rats
20 creatures vanquished.

Table legend:
 A = Non-vault XP
 B = Vault XP
 C = Vault XP percentage of total XP
 D = Non-vault monster count
 E = Vault monster count
 F = Vault count percentage of total count
                 A         B        C        D         E       F
            +---------+---------+-------+---------+---------+-------
      Total |      50 |       0 |   0.0 |      20 |       0 |   0.0
            +---------+---------+-------+---------+---------+-------
        D:1 |      17 |       0 |   0.0 |      10 |       0 |   0.0
        D:2 |      33 |       0 |   0.0 |      10 |       0 |   0.0
            +---------+---------+-------+---------+---------+-------

Illustrated notes

Table legend:
 A = Kills in this place as a percentage of kills in entire the game.
 B = Kills by you in this place as a percentage of kills by you in the entire game.
 C = Kills by friends in this place as a percentage of kills by friends in the entire game.
 D = Other kills in this place as a percentage of other kills in the entire game.
 E = Experience gained in this place as a percentage of experience gained in the entire game.
 F = Experience gained in this place divided by the number of levels of this place that you have seen.
                   A       B       C       D       E      F
               +-------+-------+-------+-------+-------+----------------------
         Total | 100.0 | 100.0 |   N/A |   N/A | 100.0 |  25.0
       Dungeon | 100.0 | 100.0 |   N/A |   N/A | 100.0 |  25.0
               +-------+-------+-------+-------+-------+----------------------

Table legend: (Time is in decaauts)
 A = Elapsed time spent in this place.
 B = Non-inter-level travel time spent in this place.
 C = Inter-level travel time spent in this place.
 D = Time resting spent in this place.
 E = Time spent auto-exploring this place.
 F = Levels seen in this place.
 G = Mean time per level.
                   A        B        C        D        E       F      G
               +--------+--------+--------+--------+--------+-----+--------+
         Total |   1836 |   1833 |      3 |    173 |   1452 |   2 |  918.0 |
       Dungeon |   1836 |   1833 |      3 |    173 |   1452 |   2 |  918.0 |
               +--------+--------+--------+--------+--------+-----+--------+

Top non-repeatable levels by time:
     D:1: 995 daAuts
     D:2: 841 daAuts
